 Seeded DCSS version 0.29.1-15-g9cfb28693d (webtiles) character file.

Game seed: 13153279757065922515 (custom seed)

40 Psyclone the Conjurer (level 3, 17/17 HPs)
             Began as a Deep Elf Fire Elementalist on Sept 28, 2023.
             Quit the game on level 1 of the Dungeon.
             The game lasted 00:02:48 (1263 turns).

Psyclone the Conjurer (Deep Elf Fire Elementalist)  Turns: 1263, Time: 00:02:48

Health: 17/17      AC:  2    Str:  5    XL:     3   Next: 30%
Magic:  9/9        EV: 12    Int: 21    God:
Gold:   20         SH:  0    Dex: 15    Spells: 5/8 levels left

rFire   . . .      SeeInvis .   (no weapon)
rCold   . . .      Faith    .   (no shield)
rNeg    . . .      Spirit   .   a - +0 robe
rPois   .          Reflect  .   (no helmet)
rElec   .          Harm     .   (no cloak)
rCorr   .          Rampage  .   (no gloves)
Will    .....                   (no boots)
Stlth   ++........              (no amulet)
HPRegen 0.05/turn               (no ring)
MPRegen 0.11/turn               (no ring)

@: hasted, invisible, very quick
A: frail 1, wild magic 1
a: no special abilities


You were on level 1 of the Dungeon.
You visited 1 branch of the dungeon, and saw 1 of its levels.

You collected 20 gold pieces.

Inventory:

Armour
 a - a +0 robe (worn)
Scrolls
 f - a scroll of vulnerability
Potions
 b - 2 potions of magic
 c - a potion of invisibility


   Skills:
 - Level 2.4 Dodging
 - Level 2.4 Stealth
 - Level 3.0 Spellcasting
 + Level 3.6 Conjurations
 - Level 3.2 Fire Magic


You had 5 spell levels left.
You knew the following spells:

 Your Spells              Type           Power      Damage    Failure   Level
a - Foxfire               Conj/Fire      92%        2x1d8     5%          1
b - Scorch                Fire           44%        2d7       9%          2

Your spell library contained the following spells:

 Spells                   Type           Power      Damage    Failure   Level
 Conjure Flame            Conj/Fire      23%        6-21      14%         3
 Summon Small Mammal      Summ           16%        N/A       19%         1
 Inner Flame              Hex/Fire       13%        N/A       28%         3
 Flame Wave               Conj/Fire      23%        2d8       41%         4
 Call Canine Familiar     Summ           4%         N/A       45%         3
 Summon Guardian Golem    Hex/Summ       4%         N/A       45%         3


Dungeon Overview and Level Annotations

Branches:
Dungeon (1/15) Zot: 4737

Altars:


Innate Abilities, Weirdness & Mutations

You are frail. (-10% HP)
Your spells are a little harder to cast, but a little more powerful.


Message History

You take 1 damage, and have 18/19 hp.
You now have 6/9 mp.
The foxfire hits the ball python.
The ball python is severely wounded.
The foxfire hits the ball python.
You kill the ball python!
You start resting.
HP restored.
Health restored: 19 Magic restored.
A goblin comes into view. It is wielding a +0 club.
MP restored: 9
Casting: Foxfire (safe; 3% risk of failure)
Confirm with . or Enter, or press ? or * to list all spells.
You conjure some foxfire!
You now have 8/9 mp.
Casting: Foxfire (safe; 3% risk of failure)
Confirm with . or Enter, or press ? or * to list all spells.
There is not enough space to conjure foxfire!
Casting: Foxfire (safe; 3% risk of failure)
Confirm with . or Enter, or press ? or * to list all spells.
You conjure some foxfire!
The foxfire hits the goblin.
You kill the goblin!
You now have 7/9 mp.
Your foxfire dissipates!
Your foxfire dissipates!
Your foxfire dissipates!
You see here a hobgoblin skeleton.
Done exploring.
MP restored: 9 Done exploring.
As you read the scroll labelled HITHRU RAEHAK, it crumbles to dust.
It is a scroll of identify.
f - a scroll of vulnerability It was a potion of invisibility.
You fade into invisibility!
It was a potion of mutation.
You feel extremely strange.
You feel less in control of your magic.
You feel frail.
You take 2 damage, and have 17/17 hp.
It was a potion of haste.
You feel yourself speed up.
Are you sure you want to abandon this character and quit the game? (Confirm with "yes".)

#.....# #.#####.
#.....####.#.....
#...........÷....
#..)..####.#.###.
#.....# #.#.# #.
###.### #.#.# ##
#.# ####.#.####
####.###..........
#@..........#.####
#.##.###.####.#
#.##.# #.# #.#
#.##.# #.# #.#
#.##.###.# #.#
#.##...#.# ##.##
#.####.#.###...##
#.# #.#.##.###†##
#.# #.#....# #...


There were no monsters in sight!

Vanquished Creatures
  A gnoll (D:1)
  3 endoplasms (D:1)
  A giant cockroach (D:1)
  3 goblins (D:1)
  4 hobgoblins (D:1)
  4 jackals (D:1)
  2 kobolds (D:1)
  3 ball pythons (D:1)
  A bat (D:1)
  2 frilled lizards (D:1)
  3 rats (D:1)
27 creatures vanquished.

Vanquished Creatures (others)
  94 foxfires (D:1)
94 creatures vanquished.

Grand Total: 121 creatures vanquished

Notes
Turn   | Place    | Note
-------+----------+-------------------------------------------
     0 | D:1      | Psyclone the Deep Elf Fire Elementalist began the quest for
                  | the Orb.
     0 | D:1      | Reached XP level 1. HP: 10/10 MP: 6/6
   309 | D:1      | Reached XP level 2. HP: 15/15 MP: 0/8
   382 | D:1      | Learned a level 2 spell: Scorch
   678 | D:1      | Reached XP level 3. HP: 19/19 MP: 5/9
   728 | D:1      | Found a faded altar of an unknown god.
  1261 | D:1      | Gained mutation: Your spells are a little harder to cast,
                  | but a little more powerful. [potion of mutation]
  1261 | D:1      | Gained mutation: You are frail. (-10% HP) [potion of
                  | mutation]
  1263 | D:1      | Quit the game

Illustrated notes

Levels and vault maps discovered:
D:1:      amcnicky_arrival_gap_in_the_tavern_cellar, layout_loops_ring,
          hellmonk_ecumenical_altar_crossroads

Skill      XL: |  1  2 |
---------------+-------+-----
Conjurations   | 2 3 |  3.6
Dodging        | |  2.4
Stealth        | |  2.4
Spellcasting   | |  3.0
Fire Magic     | |  3.2

Action                   || total
-------------------------++-------
Melee: Unarmed           ||     4
 Cast: Foxfire           ||    60
  Use: Potion            ||     3
       Scroll            ||     1
Armor: Robe              ||     6
Dodge: Dodged            ||    17
